 Dungeon Crawl Stone Soup version 0.29.1-14-g9c671dbff4 (webtiles) character file.

Game seed: 16696761970634222621

82474 LustLizard the Thaumaturge (level 15, -9/122 HPs)
             Began as a Gnoll Wanderer on Feb 17, 2023.
             Was a High Priest of Vehumet.
             Mangled by a reaper
             ... wielding a +3 vampiric scythe
              (38 damage)
             ... on level 14 of the Dungeon.
             The game lasted 01:02:16 (24592 turns).

LustLizard the Thaumaturge (Gnoll Wanderer)        Turns: 24592, Time: 01:02:17

Health: -9/122     AC: 17    Str: 14    XL:     15   Next: 73%
Magic:  7/31       EV: 13    Int: 21    God:    Vehumet [*****.]
Gold:   1206       SH:  0    Dex:  9    Spells: 8/39 levels left

rFire   + . .      SeeInvis +   n - +6 whip of Siqatz {drain, Fly rC+ Int+2 Stlth+}
rCold   + . .      Faith    .   (no shield)
rNeg    . . .      Spirit   .   O - +5 ring mail of a Million Ziggurats {Will- Regen+ SInv Stlth+}
rPois   .          Reflect  .   s - +1 helmet
rElec   .          Harm     .   H - +0 cloak
rCorr   .          Rampage  .   (no gloves)
Will    .....                   U - +0 pair of boots
Stlth   ++++++....              u - amulet of magic regeneration
HPRegen 1.10/turn               D - ring of wizardry
MPRegen 0.62/turn               a - ring of protection from fire

@: flying
A: fangs 1, strong nose, distributed training
a: Renounce Religion


You were on level 14 of the Dungeon.
You worshipped Vehumet.
Vehumet was extremely pleased with you.
You visited 4 branches of the dungeon, and saw 22 of its levels.
You also visited: Sewer and Ice Cave.

You collected 1719 gold pieces.
You spent 513 gold pieces at shops.

Inventory:

Hand Weapons
 n - the +6 whip of Siqatz (weapon) {drain, Fly rC+ Int+2 Stlth+}
   (You found it on level 9 of the Dungeon)

   A truly terrible weapon, it drains the life of any living foe it strikes.
   Int:       It affects your intelligence (+2).
   rC:        It protects you from cold.
   Fly:       It grants you flight.
   Stlth:     It makes you more stealthy.
 F - a +9 demon trident of electrocution
 W - the +5 scythe "Finisher" {speed, eviscerate}
   (You found it on level 14 of the Dungeon)

   Attacks with this weapon are significantly faster.
   It may eviscerate those it strikes, slaying them instantly, with a decreasing
   chance against stronger foes.
Missiles
 t - 2 throwing nets
Armour
 s - a +1 helmet (worn)
 H - a +0 cloak (worn)
 O - the +5 ring mail of a Million Ziggurats (worn) {Will- Regen+ SInv Stlth+}
   (You found it on level 6 of the Dungeon)

   SInv:      It lets you see invisible.
   Regen:     It increases your rate of health regeneration.
   Will:      It decreases your willpower.
   Stlth:     It makes you more stealthy.
 U - a +0 pair of boots (worn)
Jewellery
 a - a ring of protection from fire (right hand)
 u - an amulet of magic regeneration (around neck)
 y - a ring of poison resistance
 B - a ring of flight
 D - a ring of wizardry (left hand)
 P - a ring of willpower
 R - a +4 ring of evasion
Wands
 j - a wand of polymorph (14)
 x - a wand of charming (25)
 G - a wand of digging (1)
 I - a wand of mindburst (51)
 J - a wand of iceblast (36)
 Q - a wand of flame (49)
 S - a wand of acid (15)
Scrolls
 b - 7 scrolls of blinking
 c - 2 scrolls of silence
 d - 9 scrolls of teleportation
 e - 3 scrolls of immolation
 l - 2 scrolls of fear
 m - a scroll of vulnerability
 o - 5 scrolls of magic mapping
 v - 2 scrolls of enchant armour
 A - 4 scrolls of amnesia
 E - 6 scrolls of butterflies
 L - a scroll of acquirement
 M - a scroll of summoning
 N - a scroll of poison
 T - 4 scrolls of noise
 Z - a scroll of torment
Potions
 f - 4 potions of curing
 h - a potion of ambrosia
 i - 4 potions of brilliance
 k - 3 potions of cancellation
 p - 3 potions of mutation
 q - 4 potions of haste
 r - 4 potions of resistance
 w - 3 potions of lignification
 z - a potion of berserk rage
 K - 2 potions of invisibility
 V - 3 potions of attraction
 X - 2 potions of might
 Y - a potion of magic
Miscellaneous
 C - a condenser vane


   Skills:
 + Level 12.4 Fighting
 + Level 10.7 Short Blades
 + Level 10.7 Long Blades
 + Level 10.7 Axes
 + Level 10.7 Maces & Flails
 + Level 10.7 Polearms
 + Level 10.7 Staves
 + Level 10.7 Ranged Weapons
 + Level 10.7 Throwing
 + Level 10.7 Armour
 + Level 10.7 Dodging
 + Level 10.7 Stealth
 + Level 10.7 Shields
 + Level 10.7 Unarmed Combat
 + Level 12.7 Spellcasting
 + Level 9.0 Conjurations
 + Level 9.0 Hexes
 + Level 9.0 Summonings
 + Level 9.0 Necromancy
 + Level 9.0 Translocations
 + Level 9.8 Transmutations
 + Level 9.0 Fire Magic
 + Level 9.0 Ice Magic
 + Level 9.8 Air Magic
 + Level 9.0 Earth Magic
 + Level 9.0 Poison Magic
 + Level 11.6 Invocations
 + Level 10.7 Evocations


You had 8 spell levels left.
You knew the following spells:

 Your Spells              Type           Power      Damage    Failure   Level
a - Iskenderun's Mystic   Conj/Tloc      50%        2d11      1%          4
b - Sting                 Tmut/Pois      100%       1d8       1%          1
c - Ignite Poison         Fire/Tmut/Pois 51%        N/A       1%          3
d - Mephitic Cloud        Conj/Pois/Air  51%        N/A       1%          3
e - Stone Arrow           Conj/Erth      100%       3d13      1%          3
f - Animate Armour        Summ/Erth      100%       N/A       1%          4
g - Summon Lightning Spi  Summ/Air       52%        N/A       1%          4
h - Olgreb's Toxic Radia  Pois           50%        N/A       1%          4
i - Irradiate             Conj/Tmut      26%        3d20      1%          5

Your spell library contained the following spells:

 Spells                   Type           Power      Damage    Failure   Level
 Sticky Flame             Conj/Fire      50%        2d7       1%          4
 Freeze                   Ice            100%       1d11      1%          1
 Necrotise                Necr           100%       1d9       1%          1
 Shock                    Conj/Air       100%       1d9       1%          1
 Slow                     Hex            100%       N/A       1%          1
 Passwall                 Tmut/Erth      43%        N/A       1%          2
 Poisonous Vapours        Pois/Air       100%       N/A       1%          2
 Scorch                   Fire           100%       2d10      1%          2
 Call Canine Familiar     Summ           50%        N/A       1%          3
 Confusing Touch          Hex            50%        N/A       1%          3
 Dazzling Flash           Conj/Hex       100%       N/A       1%          3
 Frozen Ramparts          Ice            100%       1d16      1%          3
 Portal Projectile        Hex/Tloc       100%       N/A       1%          3
 Vampiric Draining        Necr           50%        2d9       1%          3
 Airstrike                Air            26%        2d(4-20)  1%          4
 Flame Wave               Conj/Fire      50%        2d12      1%          4
 Hailstorm                Conj/Ice       50%        3d11      1%          4
 Leda's Liquefaction      Hex/Erth       25%        N/A       1%          4
 Lightning Bolt           Conj/Air       26%        1d42      1%          5
 Silence                  Hex/Air        26%        N/A       1%          5
 Agony                    Necr           50%        N/A       2%          5
 Summon Cactus Giant      Summ           25%        N/A       13%         6
 Lehudib's Crystal Spear  Conj/Erth      25%        10d7      73%         8


Dungeon Overview and Level Annotations

Branches:
Dungeon (14/15)            Temple (1/1) D:6            Lair (5/5) D:11
  Swamp (0/4) Lair:2        Snake (0/4) Lair:3        Slime (0/5) Lair:5
    Orc (2/2) D:10         Vaults (0/5) D:14          Sewer (visited)
  IceCv (visited)
    Elf: Orc:2

Altars:
Ashenzari
Cheibriados
Dithmenos
Elyvilon
Fedhas
Gozag
Hepliaklqana
Kikubaaqudgha
Makhleb
Nemelex Xobeh
Okawaru
Qazlal
Ru
Sif Muna
Trog
Uskayaw
Vehumet
Wu Jian
Xom
Yredelemnul
Zin
The Shining One
Jiyva

Shops:
D:4 ?   D:9 [

Annotations:
D:14 3 runed translucent doors, Stoinky's ghost, journeyman MiAK
Orc:2 Saint Roka


Innate Abilities, Weirdness & Mutations

You have very sharp teeth.
Your uncanny sense of smell can sniff out nearby items.
Your experience applies equally to all skills.


Message History

Your animated ring mail barely misses the reaper.
You feel much better.
The reaper hits you from afar with a +3 vampiric scythe!!
Your animated ring mail hits the reaper but does no damage. x2
The stone arrow hits the reaper!
The reaper is heavily wounded.
The reaper completely misses you.
Your animated ring mail hits the reaper.
Your animated ring mail hits the reaper but does no damage.
The stone arrow hits the reaper!
The reaper is severely wounded.
The reaper hits you from afar with a +3 vampiric scythe!!
* * * LOW HITPOINT WARNING * * *
Your animated ring mail hits the reaper!
Your animated ring mail closely misses the reaper.
You are too injured to fight recklessly!
Aiming: Stone Arrow (safe; 1% risk of failure)
Press: ? - help, Q - select action, (/) - cycle Shift-Dir - straight line, f/p - reaper
Aim: a reaper, wielding a +3 vampiric scythe (almost dead, ally target, 78% to hit)
The stone arrow hits the reaper but does no damage.
The reaper is almost dead.
The reaper hits you from afar with a +3 vampiric scythe!!
* * * LOW HITPOINT WARNING * * *
The reaper draws strength from your wounds!
You feel better.
The reaper hits you from afar with a +3 vampiric scythe!!
* * * LOW HITPOINT WARNING * * *
You feel better. The reaper closely misses you.
You feel better. The reaper misses you.
You feel better.
The reaper hits you from afar with a +3 vampiric scythe!
* * * LOW HITPOINT WARNING * * *
You feel better.
The reaper hits you from afar with a +3 vampiric scythe!!
* * * LOW HITPOINT WARNING * * *
The reaper draws strength from your wounds!
You feel better.
Your animated ring mail disappears in a puff of smoke!
The reaper hits you from afar with a +3 vampiric scythe!!!
You die...

##### ######### ###
....###########.@.....#########..
....#......#..#.......#....#..'..
....'......'..'.2.....+....'..#..
....#.##..#####.ยง.....#...##..#..
#####.##..###....######...######.
#......#....#....'.............+.
#......#....#....#.............#.
########'####....#.###...###.###.
......(.........##.###...###.#...


You could see a reaper.

Vanquished Creatures
  Kirke (D:13)
  3 vault guards (D:14)
  7 boulder beetles
  2 centaur warriors (D:14)
  12 hydras
  2 two-headed ogres (D:12)
  A fire crab (Lair:5)
  3 skeletal warriors
  2 bog bodies
  A deep elf pyromancer (D:7)
  An orc knight (Orc:1)
  Pikel (D:7)
  4 cyclopes
  An orc sorcerer (Orc:1)
  4 manticores
  8 black mambas
  8 cane toads
  23 elephants
  Joseph (D:7)
  Maggie (Lair:2)
  2 ice statues (IceCv)
  Maurice (D:9)
  A torpor snail (Lair:5)
  3 molten gargoyles (Lair:5)
  Psyche (D:9)
  2 anaconda simulacra (IceCv)
  A cane toad (shapeshifter) (D:10)
  4 rime drakes
  A tengu conjurer (D:14)
  12 komodo dragons
  3 ice devils (IceCv)
  3 meliai (D:14)
  7 hornets
  7 trolls
  Grinder (D:3)
  2 polar bears
  10 slime creatures
  33 blink frogs
  4 dream sheep (Lair:3)
  A water elemental (D:11)
  3 dire elephant simulacra (IceCv)
  A wraith (D:9)
  7 wyverns
  6 hogs (D:13)
  28 yaks
  3 basilisks
  3 steam dragons
  9 vampire mosquitoes
  5 swamp worms (Lair:2)
  5 harpy simulacra (IceCv)
  Menkaure (D:7)
  2 nagas (Lair:3)
  7 water moccasins
  3 hell hounds (Lair:5)
  5 black bears
  5 orc warriors
  An ogre (D:5)
  An ice beast (D:5)
  3 phantoms (D:5)
  2 centaurs
  16 wolves
  2 lemures (D:7)
  14 bullfrogs
  3 kobold brigands (D:8)
  2 cane toad simulacra (IceCv)
  2 gnoll sergeants
  4 necrophages
  3 two-headed ogre simulacra
  4 scorpions
  3 wights (D:6)
  An elephant simulacrum (D:13)
  10 killer bees (D:10)
  4 howler monkeys
  8 electric eels
  5 lava snakes (Lair:5)
  8 hounds
  A gnoll bouda (D:6)
  3 jellies
  Crazy Yiuf (D:2)
  4 orc priests
  Terence (D:3)
  A hell rat (Sewer)
  2 iguanas (D:7)
  9 orc wizards
  2 troll simulacra (D:13)
  3 spriggan simulacra
  3 wolf simulacra
  A nameless horror (D:7)
  Robin (D:2)
  16 gnolls
  7 adders
  3 river rats
  3 shadow imps
  2 white imps
  2 ufetubi
  3 worms
  30 orcs
  2 bats
  10 endoplasms
  3 giant cockroaches
  11 goblins
  10 hobgoblins
  4 jackals (D:1)
  24 kobolds
  6 quokkas
  7 ball pythons
  A frilled lizard (D:2)
  14 rats
564 creatures vanquished.

Vanquished Creatures (collateral kills)
  A fire dragon (Lair:5)
  A vault guard (D:14)
  2 hydras
  Urug (Lair:1)
  2 skeletal warriors (D:14)
  A necromancer (IceCv)
  An ice devil (IceCv)
  2 slime creatures (D:13)
  A hog (D:13)
  3 vampire mosquitoes
  2 yaks
  A water moccasin (Lair:5)
  A sky beast (D:7)
19 creatures vanquished.

Vanquished Creatures (others)
  An orc wizard (D:6)
  14 fungi
  14 plants
29 creatures vanquished.

Grand Total: 612 creatures vanquished

Notes
Turn   | Place    | Note
-------+----------+-------------------------------------------
     0 | D:1      | LustLizard the Gnoll Wanderer began the quest for the Orb.
     0 | D:1      | LustLizard set off with the following items: a +0 club, a
                  | scroll of blinking, a +0 robe, a scroll of teleportation;
                  | and the following spells available to memorise: Shock,
                  | Sting, Passwall, Ignite Poison, Mephitic Cloud.
     0 | D:1      | Reached XP level 1. HP: 23/23 MP: 8/8
     2 | D:1      | Learned a level 1 spell: Shock
     4 | D:1      | Learned a level 1 spell: Sting
   279 | D:1      | Reached XP level 2. HP: 29/29 MP: 7/10
  1146 | D:2      | Reached XP level 3. HP: 35/35 MP: 9/11
  1356 | D:2      | Reached skill level 1 in Invocations
  1395 | D:2      | Found a hide-covered altar of Uskayaw.
  1475 | D:2      | Found a runed translucent door.
  1476 | D:2      | Noticed Crazy Yiuf
  1656 | D:2      | Noticed Robin
  1662 | D:2      | Reached skill level 1 in Short Blades
  1662 | D:2      | Reached skill level 1 in Long Blades
  1662 | D:2      | Reached skill level 1 in Axes
  1662 | D:2      | Reached skill level 1 in Maces & Flails
  1662 | D:2      | Reached skill level 1 in Polearms
  1662 | D:2      | Reached skill level 1 in Staves
  1662 | D:2      | Reached skill level 1 in Ranged Weapons
  1662 | D:2      | Reached skill level 1 in Throwing
  1662 | D:2      | Reached skill level 1 in Armour
  1662 | D:2      | Reached skill level 1 in Dodging
  1662 | D:2      | Reached skill level 1 in Stealth
  1662 | D:2      | Reached skill level 1 in Shields
  1662 | D:2      | Reached skill level 1 in Unarmed Combat
  1662 | D:2      | Reached skill level 1 in Evocations
  1664 | D:2      | Killed Robin
  1667 | D:2      | Reached XP level 4. HP: 40/41 MP: 2/13
  2424 | D:2      | Learned a level 3 spell: Ignite Poison
  2428 | D:2      | Learned a level 3 spell: Mephitic Cloud
  2630 | D:3      | Noticed Terence
  2637 | D:3      | Killed Terence
  2638 | D:3      | Reached skill level 1 in Conjurations
  2638 | D:3      | Reached skill level 1 in Hexes
  2638 | D:3      | Reached skill level 1 in Summonings
  2638 | D:3      | Reached skill level 1 in Necromancy
  2638 | D:3      | Reached skill level 1 in Translocations
  2638 | D:3      | Reached skill level 1 in Fire Magic
  2638 | D:3      | Reached skill level 1 in Ice Magic
  2638 | D:3      | Reached skill level 1 in Earth Magic
  2638 | D:3      | Reached skill level 1 in Poison Magic
  2691 | D:3      | Reached XP level 5. HP: 16/47 MP: 4/14
  3144 | D:3      | Found a faded altar of an unknown god.
  3688 | D:3      | Noticed Grinder
  3703 | D:3      | Killed Grinder
  3704 | D:3      | Reached XP level 6. HP: 53/53 MP: 1/16
  4256 | D:4      | Found an ancient bone altar of Kikubaaqudgha.
  4658 | D:4      | Found Ceosao Enwa's Magic Scroll Boutique.
  4662 | D:4      | Bought a scroll of identify for 20 gold pieces
  4662 | D:4      | Bought a scroll of fear for 40 gold pieces
  4662 | D:4      | Bought a scroll of magic mapping for 75 gold pieces
  4662 | D:4      | Bought a scroll of enchant armour for 75 gold pieces
  4822 | D:4      | Reached XP level 7. HP: 28/60 MP: 1/18
  5335 | D:4      | Noticed a steam dragon
  5347 | D:4      | Killed a steam dragon
  5657 | D:5      | Entered Level 5 of the Dungeon
  6197 | D:5      | Reached XP level 8. HP: 16/67 MP: 7/19
  6631 | D:5      | Found a snail-covered altar of Cheibriados.
  7244 | D:5      | Reached skill level 5 in Transmutations
  7244 | D:5      | Reached skill level 5 in Air Magic
  7464 | D:6      | Reached XP level 9. HP: 73/73 MP: 12/21
  7737 | D:6      | Found a glowing drain.
  7815 | Sewer    | Entered a sewer
  8115 | D:6      | Found a white marble altar of Elyvilon.
  8419 | D:6      | Learned a level 3 spell: Stone Arrow
  8494 | D:6      | Found a basalt altar of Yredelemnul.
  8549 | D:6      | Found a sacrificial altar of Ru.
  8615 | D:6      | Identified the +5 ring mail of a Million Ziggurats {Will-
                  | Regen+ SInv Stlth+}
  8692 | D:6      | Learned a level 4 spell: Animate Armour
  8762 | D:6      | Found a staircase to the Ecumenical Temple.
  8771 | Temple   | Entered the Ecumenical Temple
  8856 | Temple   | Became a worshipper of Vehumet
  9059 | D:2      | Killed Crazy Yiuf
  9157 | D:7      | Noticed Joseph
  9176 | D:7      | Killed Joseph
  9177 | D:7      | Reached skill level 5 in Invocations
  9379 | D:7      | Learned a level 4 spell: Summon Lightning Spire
  9592 | D:7      | Found a sparkling altar of Nemelex Xobeh.
  9619 | D:7      | Noticed Menkaure
  9625 | D:7      | Killed Menkaure
  9768 | D:7      | Learned a level 4 spell: Olgreb's Toxic Radiance
  9783 | D:7      | Noticed Pikel
  9787 | D:7      | Killed Pikel
  9788 | D:7      | Reached skill level 5 in Short Blades
  9788 | D:7      | Reached skill level 5 in Long Blades
  9788 | D:7      | Reached skill level 5 in Axes
  9788 | D:7      | Reached skill level 5 in Maces & Flails
  9788 | D:7      | Reached skill level 5 in Polearms
  9788 | D:7      | Reached skill level 5 in Staves
  9788 | D:7      | Reached skill level 5 in Ranged Weapons
  9788 | D:7      | Reached skill level 5 in Throwing
  9788 | D:7      | Reached skill level 5 in Armour
  9788 | D:7      | Reached skill level 5 in Dodging
  9788 | D:7      | Reached skill level 5 in Stealth
  9788 | D:7      | Reached skill level 5 in Shields
  9788 | D:7      | Reached skill level 5 in Unarmed Combat
  9788 | D:7      | Reached skill level 5 in Evocations
  9788 | D:7      | Reached XP level 10. HP: 82/82 MP: 10/22
  9932 | D:7      | Found a faded altar of an unknown god.
  9932 | D:7      | Found a burning altar of Makhleb.
  9940 | D:7      | Found a glowing silver altar of Zin.
  9942 | D:7      | Found a hide-covered altar of Uskayaw.
  9944 | D:7      | Found a faded altar of an unknown god.
 10319 | D:7      | Noticed a deep elf pyromancer
 10321 | D:7      | Noticed a cyclops
 10322 | D:7      | Killed a deep elf pyromancer
 10323 | D:7      | Killed a cyclops
 10598 | D:8      | Reached * piety under Vehumet
 10598 | D:8      | Offered knowledge of Magic Dart by Vehumet.
 11158 | D:8      | Found a shimmering blue altar of Sif Muna.
 11201 | D:8      | Found a broken altar of Ashenzari.
 11387 | D:9      | Found Wosusuex's Antique Armour Shop.
 11390 | D:9      | Bought a pair of embroidered gloves for 172 gold pieces
 11390 | D:9      | Bought a ripped robe for 131 gold pieces
 11390 | D:9      | Identified the +1 robe of the Moon {rF+ rN+ Int+2} (You
                  | bought it in a shop on level 9 of the Dungeon)
 11509 | D:9      | Offered knowledge of Foxfire by Vehumet.
 11510 | D:9      | Reached skill level 5 in Conjurations
 11510 | D:9      | Reached skill level 5 in Hexes
 11510 | D:9      | Reached skill level 5 in Summonings
 11510 | D:9      | Reached skill level 5 in Necromancy
 11510 | D:9      | Reached skill level 5 in Translocations
 11510 | D:9      | Reached skill level 5 in Fire Magic
 11510 | D:9      | Reached skill level 5 in Ice Magic
 11510 | D:9      | Reached skill level 5 in Earth Magic
 11510 | D:9      | Reached skill level 5 in Poison Magic
 11510 | D:9      | Reached XP level 11. HP: 86/89 MP: 13/24
 11511 | D:9      | Reached ** piety under Vehumet
 11643 | D:9      | Noticed Psyche
 11646 | D:9      | Killed Psyche
 11814 | D:9      | Noticed Maurice
 11825 | D:9      | Killed Maurice
 12071 | D:9      | Identified the +6 whip of Siqatz {drain, Fly rC+ Int+2
                  | Stlth+}
 12382 | D:9      | Found an ornate altar of the Wu Jian Council.
 12710 | D:10     | Entered Level 10 of the Dungeon
 12874 | D:10     | Offered knowledge of Searing Ray by Vehumet.
 12982 | D:10     | Found a staircase to the Orcish Mines.
 13161 | D:10     | Found a shimmering altar of Xom.
 13562 | D:11     | Noticed a five-headed hydra
 13634 | D:11     | Killed a five-headed hydra
 13693 | D:11     | Noticed a cyclops
 13697 | D:11     | Killed a cyclops
 13796 | D:11     | Noticed a five-headed hydra
 13804 | D:11     | Killed a five-headed hydra
 13805 | D:11     | Reached skill level 10 in Spellcasting
 14292 | D:11     | Found a staircase to the Lair.
 14434 | D:11     | Reached *** piety under Vehumet
 14436 | D:11     | Reached XP level 12. HP: 97/97 MP: 16/26
 14919 | D:12     | Noticed a six-headed hydra
 14927 | D:12     | Killed a six-headed hydra
 14966 | D:12     | Noticed a two-headed ogre
 14976 | D:12     | Killed a two-headed ogre
 15131 | D:12     | Reached skill level 10 in Fighting
 15134 | D:12     | Noticed a boulder beetle
 15147 | D:12     | Killed a boulder beetle
 15349 | D:12     | Noticed a two-headed ogre
 15356 | D:12     | Killed a two-headed ogre
 15428 | D:12     | Offered knowledge of Iskenderun's Mystic Blast by Vehumet.
 15439 | D:12     | Learned a level 4 spell: Iskenderun's Mystic Blast
 15458 | D:12     | Noticed a boulder beetle
 15468 | D:12     | Killed a boulder beetle
 15721 | D:13     | Noticed a four-headed hydra
 15728 | D:13     | Killed a four-headed hydra
 15869 | D:13     | Found a frozen archway.
 15873 | D:13     | Reached **** piety under Vehumet
 15907 | D:13     | Noticed a four-headed hydra
 15911 | D:13     | Noticed Kirke
 15913 | D:13     | Offered knowledge of Irradiate by Vehumet.
 15917 | D:13     | Killed a four-headed hydra
 15921 | D:13     | Noticed a boulder beetle
 15923 | D:13     | Killed Kirke
 15924 | D:13     | Reached XP level 13. HP: 93/104 MP: 8/27
 15949 | IceCv    | Entered an ice cave
 16378 | IceCv    | Learned a level 5 spell: Irradiate
 16568 | D:13     | Found a hide-covered altar of Uskayaw.
 16876 | Lair:1   | Entered Level 1 of the Lair of Beasts
 16919 | Lair:1   | Reached ***** piety under Vehumet
 16924 | Lair:1   | Offered knowledge of Iskenderun's Battlesphere by Vehumet.
 17751 | Lair:1   | Noticed Urug
 17755 | Lair:1   | Killed Urug
 18421 | Lair:2   | Found a shimmering altar of Xom.
 18614 | Lair:2   | Found a staircase to the Swamp.
 18752 | Lair:2   | Noticed Maggie
 18779 | Lair:2   | Killed Maggie
 18967 | Lair:2   | Reached skill level 10 in Invocations
 18967 | Lair:2   | Reached XP level 14. HP: 113/113 MP: 21/29
 19480 | Lair:3   | Found a staircase to the Snake Pit.
 20844 | Lair:4   | Offered knowledge of Sticky Flame by Vehumet.
 21219 | Lair:5   | Entered Level 5 of the Lair of Beasts
 21257 | Lair:5   | Identified a scroll of acquirement
 21316 | Lair:5   | Found a staircase to the Slime Pits.
 21317 | Lair:5   | Found a viscous altar of Jiyva.
 21527 | Lair:5   | Reached skill level 10 in Short Blades
 21527 | Lair:5   | Reached skill level 10 in Long Blades
 21527 | Lair:5   | Reached skill level 10 in Axes
 21527 | Lair:5   | Reached skill level 10 in Maces & Flails
 21527 | Lair:5   | Reached skill level 10 in Polearms
 21527 | Lair:5   | Reached skill level 10 in Staves
 21527 | Lair:5   | Reached skill level 10 in Ranged Weapons
 21527 | Lair:5   | Reached skill level 10 in Throwing
 21527 | Lair:5   | Reached skill level 10 in Armour
 21527 | Lair:5   | Reached skill level 10 in Dodging
 21527 | Lair:5   | Reached skill level 10 in Stealth
 21527 | Lair:5   | Reached skill level 10 in Shields
 21527 | Lair:5   | Reached skill level 10 in Unarmed Combat
 21527 | Lair:5   | Reached skill level 10 in Evocations
 21765 | Lair:5   | Reached XP level 15. HP: 120/120 MP: 26/31
 22054 | Lair:5   | Found a large runed translucent door.
 22054 | Lair:5   | Found a large runed translucent door.
 22955 | Orc:1    | Entered Level 1 of the Orcish Mines
 23002 | Orc:1    | Found a bloodstained altar of Trog.
 23093 | Orc:2    | Entered Level 2 of the Orcish Mines
 23093 | Orc:2    | Noticed Saint Roka
 23523 | D:14     | Found a gate to the Vaults.
 23694 | D:14     | Found the +5 scythe "Finisher" {speed, eviscerate}
 24386 | D:14     | Found a runed translucent gate.
 24387 | D:14     | Found a runed translucent gate.
 24388 | D:14     | Found a runed translucent gate.
 24390 | D:14     | Noticed an azure jelly
 24391 | D:14     | Found a viscous altar of Jiyva.
 24391 | D:14     | Noticed a rockslime
 24391 | D:14     | Noticed Stoinky's ghost (journeyman MiAK)
 24391 | D:14     | Noticed an azure jelly
 24586 | D:14     | HP: 5/122 [reaper/+3 vampiric scythe (24)]
 24592 | D:14     | Mangled by a reaper

Illustrated notes

Levels and vault maps discovered:
D:1:      dpeg_arrival_castle, layout_loops_ring
D:2:      layout_loops_cross, basic_altar, uniq_crazy_yiuf_cottage, uniq_robin
D:3:      layout_basic, ebering_ecumenical_altar_hall, corexii_leaking_fountain,
          kennysheep_path_1, kennysheep_small_spiral, uniq_grinder, uniq_terence
D:4:      nicolae_cairo_tiling, layout_basic, mainiacjoe_overflow_24_doors,
          serial_shops, shop
D:5:      nicolae_cairo_tiling_very_big, layout_loops_ring,
          mainiacjoe_overflow_small_starburst,
          nicolae_concentric_dashed_squares_wild, minmay_increasing_density
D:6:      layout_basic, kennysheep_ying_yang, lemuel_tele_altar,
          minmay_temple_entry_poolview, lightli_sewer_entry_pipes
D:7:      minmay_chambers_of_sevens, layout_cave_pods, lemuel_crystal_altar,
          chequers_temple_overflow_minitemple, uniq_joseph, uniq_menkaure,
          uniq_pikel
D:8:      layout_gridville, tgw_sif, lemuel_coloured_pillars_altar,
          hangedman_abyss_or_decor_jellyfish_corner
D:9:      layout_stronghold, kennysheep_mini, nicolae_stop_n_shop_1,
          uniq_maurice, uniq_psyche
D:10:     layout_loops_ring, mainiacjoe_overflow_tiny_flanked, orc_0_dummy
D:11:     layout_cave_pools, erik_lair_island, kennysheep_donut,
          chequers_serial_rivers_small_a
D:12:     layout_cross
D:13:     layout_layer_cave, portal_ice_cave_entry_ice_simulacra,
          serial_park_tiny_2, eat_drink_and_be_merry_uskayaw, uniq_kirke
D:14:     layout_gridville, lightli_vaults_fourway_checkpoint,
          gammafunk_ghost_ooze, minmay_guarded_unrand_finisher
Temple:   dpeg_three_leaves_temple
Lair:1:   layout_cave_pods, disabler_island, grunt_megastairs_2,
          serial_bayou_shore_b, uniq_urug
Lair:2:   layout_regular_city, nicolae_swamp_entry_splash_gauntlet,
          serial_rivers, chequers_serial_rivers_room_a,
          chequers_serial_rivers_small_b, chequers_serial_rivers_room_b,
          chequers_serial_rivers_large_a, chequers_serial_rivers_micro_e,
          chequers_serial_rivers_small_a, basic_altar,
          nicolae_quartered_pool_impasse, uniq_maggie
Lair:3:   layout_cellular_growth, guppyfry_snake_entry_island,
          chequers_serial_rivers_micro_c, fungi_pond_lemuel,
          serial_bayou_pond_c, dreamdust_wasp_nest
Lair:4:   layout_loops_ring, grunt_megastairs_4
Lair:5:   cheibrodos_lair_end_hotspot, layout_regular_city, slime_entry_1,
          infiniplex_staircase_pool_2
Orc:1:    layout_diamond_mine, basic_altar, uniq_josephine, uniq_erolcha
Orc:2:    grunt_orc_gardens, layout_diamond_mine, grunt_orc_garden,
          grunt_orc_garden, grunt_orc_garden, grunt_orc_garden, uniq_saint_roka,
          uniq_jorgrun, uniq_rupert, uniq_donald

Skill      XL: |  1  2  3  4  5  6  7  8  9 10 11 12 13 14 15 |
---------------+----------------------------------------------+-----
Invocations    | 1 2 3 4 5 6 7 9 10 11 | 11.6
Short Blades   | 1 2 3 5 6 7 8 9 10 | 10.7
Long Blades    | 1 2 3 5 6 7 8 9 10 | 10.7
Axes           | 1 2 3 5 6 7 8 9 10 | 10.7
Maces & Flails | 1 2 3 5 6 7 8 9 10 | 10.7
Polearms       | 1 2 3 5 6 7 8 9 10 | 10.7
Staves         | 1 2 3 5 6 7 8 9 10 | 10.7
Ranged Weapons | 1 2 3 5 6 7 8 9 10 | 10.7
Throwing       | 1 2 3 5 6 7 8 9 10 | 10.7
Armour         | 1 2 3 5 6 7 8 9 10 | 10.7
Dodging        | 1 2 3 5 6 7 8 9 10 | 10.7
Stealth        | 1 2 3 5 6 7 8 9 10 | 10.7
Shields        | 1 2 3 5 6 7 8 9 10 | 10.7
Unarmed Combat | 1 2 3 5 6 7 8 9 10 | 10.7
Evocations     | 1 2 3 5 6 7 8 9 10 | 10.7
Conjurations   | 1 2 3 4 5 6 7 8 9 |  9.0
Hexes          | 1 2 3 4 5 6 7 8 9 |  9.0
Summonings     | 1 2 3 4 5 6 7 8 9 |  9.0
Necromancy     | 1 2 3 4 5 6 7 8 9 |  9.0
Translocations | 1 2 3 4 5 6 7 8 9 |  9.0
Fire Magic     | 1 2 3 4 5 6 7 8 9 |  9.0
Ice Magic      | 1 2 3 4 5 6 7 8 9 |  9.0
Earth Magic    | 1 2 3 4 5 6 7 8 9 |  9.0
Poison Magic   | 1 2 3 4 5 6 7 8 9 |  9.0
Transmutations | 4 5 6 7 8 9 |  9.8
Air Magic      | 4 5 6 7 8 9 |  9.8
Fighting       | 7 8 9 10 11 12 | 12.4
Spellcasting   | 8 9 10 11 12 | 12.7

Action                   |  1- 3 |  4- 6 |  7- 9 | 10-12 | 13-15 || total
-------------------------+-------+-------+-------+-------+-------++-------
Melee: Club              |     1 |       |       |       |       ||     1
       Dagger            |     1 |    26 |       |       |       ||    27
       Bite              |       |     2 |     9 |    13 |    40 ||    64
       Hand axe          |       |       |     9 |       |       ||     9
       Demon trident     |       |       |   128 |    61 |       ||   189
       Punch             |       |       |     2 |     4 |    20 ||    26
       Whip              |       |       |       |    72 |   297 ||   369
 Cast: Shock             |    75 |    92 |   171 |     2 |       ||   340
       Sting             |     8 |    33 |    33 |       |       ||    74
       Ignite Poison     |       |     2 |     8 |    33 |    46 ||    89
       Mephitic Cloud    |       |     1 |    10 |       |     2 ||    13
       Olgreb's Toxic Ra |       |       |     2 |    60 |    67 ||   129
       Summon Lightning  |       |       |     2 |    14 |    20 ||    36
       Animate Armour    |       |       |     1 |     2 |     5 ||     8
       Stone Arrow       |       |       |       |    97 |   397 ||   494
  Use: Scroll            |       |     3 |     6 |    12 |    15 ||    36
       Potion            |       |       |     4 |       |    13 ||    17
 Stab: Sleeping          |       |       |       |     1 |     3 ||     4
       Distracted        |       |       |       |       |     1 ||     1
Armor: Robe              |     3 |     7 |     1 |       |       ||    11
       Steam dragon scal |       |       |    33 |       |       ||    33
       Ring mail         |       |       |    11 |    80 |   176 ||   267
Dodge: Dodged            |    14 |    30 |    92 |    95 |   227 ||   458
Block: Other             |       |     2 |    34 |    26 |       ||    62
       Reflection        |       |       |     2 |     2 |       ||     4
